 Dungeon Crawl Stone Soup version 0.24.0-125-gc4c63601f3 (webtiles) character file.

Game seed: 17188368602342526244, levelgen mode: deterministic

2951 Majiyoung the Stinger (level 9, -2/61 HPs)
             Began as an Octopode Venom Mage on Mar 18, 2020.
             Slain by an orc warrior
             ... wielding a +0 halberd
              (9 damage)
             ... in a bailey.
             The game lasted 00:21:06 (8320 turns).

Majiyoung the Stinger (Octopode Venom Mage)         Turns: 8320, Time: 00:21:06

Health: -2/61      AC:  2    Str:  7    XL:     9   Next: 81%
Magic:  1/17       EV: 15    Int: 17    God:
Gold:   394        SH:  0    Dex: 16    Spells: 11/19 levels left

rFire    . . .     SeeInvis .   w - +3 war axe
rCold    . . .     Gourm    .   (no shield)
rNeg     . . .     Faith    .   l - +1 hat
rPois    .         Spirit   .   (no amulet)
rElec    .         Reflect  .   (no ring)
rCorr    .         Harm     .   (no ring)
MR       .....                  (no ring)
Stlth    +++.......             (no ring)
HPRegen  0.20/turn              (no ring)
MPRegen  0.15/turn              (no ring)
                                (no ring)
                                (no ring)

@: very slightly contaminated, studying Polearms
A: almost no armour, stealthy swim, amphibious, 8 rings, constrict 8, camouflage
1, gelatinous body 1
a: no special abilities


You were in a bailey.
You were very hungry.

You visited 1 branch of the dungeon, and saw 7 of its levels.
You also visited: Bailey.

You collected 394 gold pieces.

Inventory:

Hand Weapons
 a - a +0 spear
 d - a +0 dagger
 f - a +0 mace of crushing
 w - a +3 war axe (weapon)
Missiles
 h - 26 poisoned darts
 u - 8 atropa-tipped darts
 A - 9 boomerangs (quivered)
Armour
 l - a +1 hat (worn)
Magical Staves
 y - an uncursed staff of poison {unknown}
Wands
 m - a wand of flame (14)
 p - a wand of polymorph (8)
Scrolls
 g - a scroll of fog
 j - 3 scrolls of enchant armour
 n - 2 scrolls of remove curse
 q - 2 scrolls of teleportation
 z - a scroll of noise {unknown}
Potions
 c - 3 potions of brilliance
 e - 2 potions of flight
 i - 2 potions of curing
 o - a potion of cancellation {unknown}
 s - a potion of berserk rage
 v - a potion of heal wounds
 x - a potion of lignification {unknown}
 B - a potion of mutation {unknown}
Books
 t - a manual of Polearms
Comestibles
 b - 9 rations
 k - 5 chunks of flesh


   Skills:
 * Level 5.5 Fighting
 + Level 5.0 Axes
 + Level 0.4 Throwing
 + Level 3.8 Dodging
 - Level 2.6 Stealth
 + Level 5.5 Spellcasting
   Level 1.1 Conjurations
 * Level 4.3 Translocations
 + Level 4.1 Air Magic
 + Level 7.5 Poison Magic


You had 11 spell levels left.
You knew the following spells:

 Your Spells              Type           Power        Failure   Level  Hunger
b - Poisonous Vapours     Pois/Air       ###...       1%          2    #......
c - Olgreb's Toxic Radia  Pois           ####....     6%          4    ####...
d - Blink                 Tloc           N/A          3%          2    #......

Your spell library contained the following spells:

 Spells                   Type           Power        Failure   Level  Hunger
 Sting                    Conj/Pois      ###.         2%          1    None
 Gell's Gravitas          Tloc           ###.......   7%          3    ##.....
 Mephitic Cloud           Conj/Pois/Air  ###.....     7%          3    ##.....
 Magic Dart               Conj           #...         9%          1    None
 Confusing Touch          Hex            #.....       14%         1    None
 Call Imp                 Summ           #.......     21%         2    #......
 Slow                     Hex            #.......     21%         2    #......
 Conjure Flame            Conj/Fire      #.......     32%         3    ##.....
 Confuse                  Hex            #.......     38%         3    ##.....
 Venom Bolt               Conj/Pois      ###.......   54%         5    ######.
 Petrify                  Tmut/Erth      #.......     80%         4    ####...
 Metabolic Englaciation   Hex/Ice        #.........   98%         5    ######.
 Yara's Violent Unravell  Hex/Tmut       #.........   98%         5    ######.


Dungeon Overview and Level Annotations

Branches:
Dungeon (7/15)             Bailey (1/1)
 Temple: D:4-7

Altars:
Ashenzari
Gozag
Hepliaklqana
Kikubaaqudgha
Makhleb
Nemelex Xobeh
Qazlal
Ru
Sif Muna

Shops:
D:4 [   D:6 *

Annotations:
D:3 1 runed translucent door, 1 exclusion, greedy's ghost, amateur DsAr
D:4 1 runed translucent door, MajorAdolf's ghost, novice NaWn


Innate Abilities, Weirdness & Mutations

You cannot wear most types of armour.
You are very stealthy in the water. (Stealth+)
You are amphibious.
You can wear up to eight rings at the same time.
You can use your tentacles to constrict eight enemies at once.
Your skin changes colour to match your surroundings (Stealth+).
Your rubbery body absorbs attacks. (AC +1, EV +1)


Message History

Press: ? - help, Dir - move target cursor, f - orc warrior
Aim: an orc warrior, wielding a +0 halberd and wearing a +0 ring mail (severely wounded, paralysed) Poisonous vapours surround the orc warrior!
The orc warrior is engulfed in poison gas.
The orc warrior is poisoned.
Evoke which item? (* to show all) (? for menu, Esc to quit)
Aiming: Paralyse
Press: ? - help, Shift-Dir - straight line, f - orc warrior, p - orc warrior
Aim: an orc warrior, wielding a +0 halberd and wearing a +0 chain mail (chance to defeat MR: 46%)
The orc warrior resists with some effort.
The orc warrior is no longer paralysed.
The orc warrior closely misses you.
The orc warrior hits you from afar with a +0 halberd!
* * * LOW HITPOINT WARNING * * *
Evoke which item? (* to show all) (? for menu, Esc to quit)
Aiming: Paralyse
Press: ? - help, Shift-Dir - straight line, f/p - orc warrior
Aim: an orc warrior, wielding a +0 halberd and wearing a +0 chain mail (chance to defeat MR: 46%)
The orc warrior suddenly stops moving!
The now-empty wand crumbles to dust.
The orc warrior hits you from afar with a +0 halberd!
You die...

#### ##∩## ####
....##...##....
≈≈≈..#...#..≈≈≈
≈o≈≈.......≈≈.≈
oo≈.......≈oo
≈.).....≈ #o.o#
#((.# ##@## ###


You could see 2 orc warriors.

Vanquished Creatures
  A two-headed ogre (D:4)
  A hippogriff (D:5)
  Sigmund (D:3)
  2 water moccasins
  2 orc warriors (Bailey)
  A necrophage (D:7)
  A centaur (D:5)
  An ogre (D:5)
  2 bullfrogs
  A water moccasin skeleton (D:7)
  3 wights (D:7)
  A crimson imp (D:7)
  2 jellies
  A bullfrog zombie (D:4)
  A quasit (D:7)
  3 orc priests
  A hound (D:4)
  4 orc wizards
  3 iguanas
  Jessica (D:2)
  2 bullfrog skeletons
  Natasha (D:2)
  4 worker ants
  Terence (D:3)
  2 hound skeletons (D:6)
  Robin (D:3)
  11 adders
  3 shadow imps
  3 oozes
  An adder skeleton (D:6)
  3 worms
  4 dart slugs
  5 leopard geckos
  35 orcs
  7 giant cockroaches
  15 goblins
  10 hobgoblins
  18 jackals
  4 quokkas
  8 bats
  2 frilled lizards
  A jackal zombie (D:6)
  3 kobolds
  A leopard gecko skeleton (D:6)
  2 leopard gecko zombies (D:5)
  7 rats
187 creatures vanquished.

Vanquished Creatures (others)
  Natasha (D:2)
  A leopard gecko (D:2)
2 creatures vanquished.

Grand Total: 189 creatures vanquished

Notes
Turn   | Place    | Note
-------+----------+-------------------------------------------
     0 | D:1      | Majiyoung the Octopode Venom Mage began the quest for the
                  | Orb.
     0 | D:1      | Reached XP level 1. HP: 11/11 MP: 3/3
   194 | D:1      | Reached skill level 4 in Poison Magic
   262 | D:1      | Reached XP level 2. HP: 7/17 MP: 3/5
   266 | D:1      | Learned a level 2 spell: Poisonous Vapours
  1235 | D:2      | Reached skill level 1 in Fighting
  1235 | D:2      | Reached XP level 3. HP: 6/23 MP: 0/6
  1561 | D:2      | Reached XP level 4. HP: 18/28 MP: 7/7
  1861 | D:2      | Noticed Jessica
  1870 | D:2      | Killed Jessica
  1870 | D:2      | Reached skill level 1 in Air Magic
  1960 | D:2      | Noticed Natasha
  1984 | D:2      | Killed Natasha
  1984 | D:2      | Reached XP level 5. HP: 32/34 MP: 1/9
  2145 | D:2      | Reached skill level 5 in Poison Magic
  2515 | D:2      | Killed Natasha
  2567 | D:3      | Noticed Terence
  2580 | D:3      | Killed Terence
  2737 | D:3      | Noticed Sigmund
  2782 | D:3      | Killed Sigmund
  2782 | D:3      | Reached XP level 6. HP: 19/40 MP: 1/11
  2994 | D:3      | Found an ancient bone altar of Kikubaaqudgha.
  3150 | D:3      | Found a runed translucent door.
  3150 | D:3      | Noticed greedy's ghost (amateur DsAr)
  3169 | D:3      | Learned a level 4 spell: Olgreb's Toxic Radiance
  3428 | D:3      | Reached XP level 7. HP: 45/45 MP: 9/12
  3552 | D:3      | Noticed Robin
  3554 | D:3      | Killed Robin
  3898 | D:3      | Found a burning altar of Makhleb.
  3963 | D:4      | Found Nass's Antique Armour Shoppe.
  4137 | D:4      | Reached skill level 6 in Poison Magic
  4237 | D:4      | Learned a level 2 spell: Blink
  4473 | D:4      | Found a runed translucent door.
  4473 | D:4      | Noticed MajorAdolf's ghost (novice NaWn)
  5050 | D:5      | Entered Level 5 of the Dungeon
  5058 | D:5      | Reached skill level 1 in Translocations
  5064 | D:5      | Reached skill level 1 in Axes
  5064 | D:5      | Reached XP level 8. HP: 35/52 MP: 0/14
  5168 | D:5      | Found a stormy altar of Qazlal.
  5169 | D:5      | Found a sparkling altar of Nemelex Xobeh.
  5170 | D:5      | Found an opulent altar of Gozag.
  5339 | D:5      | Noticed a hippogriff
  5347 | D:5      | Killed a hippogriff
  5443 | D:5      | Noticed a two-headed ogre
  5759 | D:4      | Killed a two-headed ogre
  5759 | D:4      | Reached skill level 5 in Spellcasting
  5759 | D:4      | Reached skill level 7 in Poison Magic
  5759 | D:4      | Reached XP level 9. HP: 59/59 MP: 1/16
  6285 | D:5      | Found a sacrificial altar of Ru.
  6937 | D:6      | Found a shattered altar of Ashenzari.
  7410 | D:6      | Found a shimmering blue altar of Sif Muna.
  7613 | D:6      | Found Orghoddia's Assorted Antiques.
  8021 | D:7      | Reached skill level 5 in Fighting
  8087 | D:7      | Found a hazy altar of Hepliaklqana.
  8286 | D:7      | Found a flagged portal.
  8295 | Bailey   | Entered a bailey
  8315 | Bailey   | Reached skill level 5 in Axes
  8320 | Bailey   | Slain by an orc warrior

Levels and vault maps discovered:
D:1:      wander_arrival_estate, layout_basic, minmay_tetromino_o2
D:2:      layout_basic, serial_rivers, chequers_serial_rivers_micro_b,
          chequers_serial_rivers_micro_b, chequers_serial_rivers_small_b,
          chequers_serial_rivers_micro_b, chequers_serial_rivers_large_b,
          chequers_serial_rivers_room_b, lemuel_old_faithful, uniq_jessica,
          uniq_natasha
D:3:      layout_basic, lemuel_round_altar, demons_altar, first_ration,
          gammafunk_ghost_grave, kennysheep_another_room, uniq_terence,
          uniq_sigmund, uniq_robin
D:4:      layout_loops_ring, hellmonk_ghost_happy_afterlife, serial_shops, shop,
          minmay_circle_x
D:5:      layout_layer_cave, chequers_temple_overflow_statue_of_worship,
          lemuel_crystal_altar, minmay_manual_maat
D:6:      layout_basic, evilmike_ruin_ashenzari, serial_shops,
          kennysheep_mini_moat, lemuel_blue_sif_altar
D:7:      layout_rooms, lemuel_crystal_altar, minmay_temple_entry_nine_rooms,
          enter_bailey_8
Bailey:   bailey_polearm_4, bailey

Skill      XL: |  1  2  3  4  5  6  7  8  9 |
---------------+----------------------------+-----
Poison Magic   | 4 5 6 7 |  7.5
Fighting       | 1 2 3 4 5 |  5.5
Air Magic      | 1 2 3 4 |  4.1
Spellcasting   | 3 4 5 |  5.5
Dodging        | 3 |  3.8
Translocations | 1 3 4 |  4.3
Axes           | 1 3 5 |  5.0
Throwing       | |  0.4
Stealth        | |  2.6
Conjurations   | |  1.1

Action                   |  1- 3 |  4- 6 |  7- 9 || total
-------------------------+-------+-------+-------++-------
Melee: Unarmed           |    30 |       |       ||    30
       Constrict         |    12 |    16 |    51 ||    79
       Tentacles         |     7 |     7 |    43 ||    57
       Mace              |     7 |    63 |    32 ||   102
       War axe           |       |       |   163 ||   163
Throw: Dart              |     4 |       |       ||     4
       Boomerang         |       |       |     5 ||     5
 Cast: Sting             |     9 |       |       ||     9
       Poisonous Vapours |     8 |    33 |    61 ||   102
       Olgreb's Toxic Ra |       |     1 |    10 ||    11
Evoke: Wand              |       |       |     5 ||     5
  Use: Scroll            |     2 |       |    10 ||    12
       Potion            |       |       |     1 ||     1
 Stab: Sleeping          |     1 |     7 |    13 ||    21
       Distracted        |       |       |     1 ||     1
       Paralysed         |       |       |     2 ||     2
  Eat: Chunk             |     1 |     9 |    18 ||    28
Armor: Skin              |     5 |     7 |    15 ||    27
Dodge: Dodged            |    32 |    65 |   163 ||   260
